 Dungeon Crawl Stone Soup version 0.31-a0-1300-gb6740aa4e6 (webtiles) character file.

Game seed: 12342065550254783681

9038 grandjackal the Fighter (level 11, -2/101 HPs)
             Began as a Purple Draconian Gladiator on Dec 18, 2023.
             Was a High Priest of Okawaru.
             Slain by a fire elemental (11 damage)
             ... summoned by a deep elf pyromancer
             ... on level 10 of the Dungeon.
             The game lasted 00:10:51 (7839 turns).

grandjackal the Fighter (DrGl)                      Turns: 7839, Time: 00:10:52

Health: -2/101     AC: 12    Str: 16    XL:     11   Next: 17%
Magic:  16/16      EV: 34    Int:  8    God:    Okawaru [*****.]
Gold:   604        SH:  0    Dex: 21    Spells: 10/10 levels left

rFire   . . .        v - +5 dagger of Uncomfortable Rashes {freeze, rC+ Dex+3}
rCold   + . .        s - orb {*Rage}
rNeg    . . .        (body armour unavailable)
rPois   .            b - +0 hat
rElec   .            o - +0 cloak
rCorr   +            (no gloves)
SInv    .            (no boots)
Will    +....        E - amulet of the acrobat
Stlth   ++           y - ring of resist corrosion
HPRegen 0.36/turn    G - +4 ring of protection
MPRegen 0.15/turn

%: random rage (20%), acrobat
@: on berserk cooldown, acrobatic, slowed, very slow
A: breathe power, AC +7, unfitting armour, cold-blooded
a: Breathe Dispelling Energy, Renounce Religion, Heroism, Finesse, Duel


You were on level 10 of the Dungeon.
You worshipped Okawaru.
Okawaru was extremely pleased with you.
You visited 2 branches of the dungeon, and saw 11 of its levels.

You collected 604 gold pieces.

Inventory:

Hand Weapons
 a - a +0 long sword
 j - a +1 dagger of electrocution
 v - the +5 dagger of Uncomfortable Rashes (weapon) {freeze, rC+ Dex+3}
   (You found it on level 5 of the Dungeon)

   Dex+3:     It affects your dexterity (+3).
   rC+:       It protects you from cold.
Missiles
 c - 4 throwing nets (quivered)
 d - 7 javelins
 t - 5 curare-tipped darts
Armour
 b - a +0 hat (worn)
 o - a +0 cloak (worn)
 s - an orb of wrath (worn)
 u - a scarf of resistance
Jewellery
 w - an amulet of faith
 y - a ring of resist corrosion (left hand)
 D - a ring of ice
 E - an amulet of the acrobat (around neck)
 G - a +4 ring of protection (right hand)
 H - a ring of positive energy
Wands
 e - a wand of paralysis (8)
 C - a wand of iceblast (9)
Scrolls
 f - 3 scrolls of teleportation {unknown}
 g - 2 scrolls of blinking {unknown}
 i - 2 scrolls of amnesia {unknown}
 p - a scroll of enchant weapon
 q - a scroll of immolation
 r - 3 scrolls of enchant armour
 x - a scroll of fear
Potions
 h - a potion of might
 k - 4 potions of curing
 l - 3 potions of attraction
 m - a potion of haste
 n - 2 potions of mutation
 z - 3 potions of heal wounds
 A - 2 potions of brilliance
 B - a potion of enlightenment
 F - a potion of ambrosia
 I - a potion of degeneration {unknown}


   Skills:
 + Level 10.6 Fighting
 + Level 10.0 Long Blades
 - Level 2.0 Throwing
 + Level 9.1 Dodging
 + Level 6.7 Invocations


You had 10 spell levels left.
You didn't know any spells.
Your spell library contained the following spells:

 Spells                   Type           Power      Damage    Failure   Level
 Apportation              Tloc           0%         N/A       41%         1
 Freeze                   Ice            0%         1d3       41%         1
 Slow                     Hex            0%         N/A       41%         1
 Jinxbite                 Hex            0%         N/A       54%         2
 Confusing Touch          Hex            0%         N/A       78%         3
 Frozen Ramparts          Ice            0%         1d1       78%         3
 Hailstorm                Conj/Ice       0%         3d5       78%         3
 Inner Flame              Hex/Fire       0%         N/A       78%         3
 Sigil of Binding         Hex            0%         N/A       78%         3
 Vampiric Draining        Necr           0%         2d6       78%         3
 Flame Wave               Conj/Fire      0%         2d4       99%         4
 Sticky Flame             Conj/Fire      0%         2d3       99%         4
 Alistair's Intoxication  Tmut/Pois      0%         N/A       100%        5


Dungeon Overview and Level Annotations

Branches:
Dungeon (10/15)            Temple (1/1) D:6
   Lair: D:8-11         Orc: D:9-12

Altars:
Cheibriados
Dithmenos
Elyvilon
Fedhas
Gozag
Hepliaklqana
Kikubaaqudgha
Makhleb
Nemelex Xobeh
Okawaru
Qazlal
Ru
Sif Muna
Trog
Uskayaw
Vehumet
Wu Jian
Xom
Yredelemnul
Zin
The Shining One

Shops:
D:7 [

Annotations:
D:4 Dowan, Duvessa


Innate Abilities, Weirdness & Mutations

You can breathe bolts of dispelling energy.
Your rich purple scales are hard. (AC +7)
You cannot fit into any form of body armour.
You are cold-blooded and may be slowed by cold attacks.


Message History

The fire elemental completely misses you.
The deep elf pyromancer mumbles some strange words.
Things that are here:
a +0 spear; a +0 robe; an ogre corpse The fire elemental completely misses you.
The fire elemental closely misses you.
The deep elf pyromancer completely misses you.
You puncture the deep elf pyromancer! You freeze the deep elf pyromancer.
The deep elf pyromancer is moderately wounded.
The fire elemental misses you.
The deep elf pyromancer barely misses you.
The fire elemental misses you.
You barely miss the deep elf pyromancer.
The deep elf pyromancer is moderately wounded.
The deep elf pyromancer hits you with a +0 long sword!
The fire elemental closely misses you.
You hit the deep elf pyromancer. You freeze the deep elf pyromancer.
The deep elf pyromancer is heavily wounded.
The deep elf pyromancer casts a spell at you.
The bolt of fire hits you! The fire elemental misses you.
You hit the deep elf pyromancer. You freeze the deep elf pyromancer.
The deep elf pyromancer is heavily wounded.
The fire elemental misses you.
The deep elf pyromancer mumbles some strange words.
The deep elf pyromancer blinks!
The fire elemental misses you.
You barely miss the fire elemental. The fire elemental misses you. x2
You puncture the fire elemental! You freeze the fire elemental.
You tail-slap the fire elemental, but do no damage.
The fire elemental is moderately damaged.
The fire elemental misses you. The fire elemental barely misses you.
The fire elemental barely misses you.
The deep elf pyromancer gestures at you while chanting.
The bolt of fire hits you!!
* * * LOW HITPOINT WARNING * * *
The bolt of fire hits the fire elemental.
The fire elemental completely resists.
The bolt of fire misses the fire elemental.
The fire elemental misses you. The fire elemental hits you.
The fire elemental burns you!
You die...

#'###...#
########)####..#
###....##.).# ##.#
#.##.#####.#####.#
#.##.##.##.##(##.#
#..)(†........##.#
#.##(##.##.##.##.#
####e#####.##.##.#
#E@.# #...###
##E## ##### #E#
.☼. ##.## #.# ..)
###


You could see a deep elf pyromancer and 3 fire elementals.

Vanquished Creatures
  A hydra (D:10)
  An ogre mage (D:10)
  A death knight (D:10)
  A two-headed ogre (D:9)
  Pikel (D:5)
  An ugly thing (D:10)
  A cyclops (D:10)
  A gargoyle (D:10)
  A komodo dragon (D:10)
  An unseen horror (D:10)
  Maggie (D:6)
  A troll (D:10)
  Grinder (D:4)
  A slime creature (D:10)
  Sigmund (D:4)
  A wraith (D:9)
  2 steam dragons
  2 water moccasins
  2 sky beasts
  An orc warrior (D:9)
  2 ogres
  An ice beast (D:7)
  A centaur (D:9)
  A phantom (D:7)
  3 kobold brigands
  A bullfrog (D:6)
  4 scorpions
  7 wights
  9 killer bees
  6 howler monkeys
  3 hounds
  A jelly (D:6)
  A gnoll bouda (D:5)
  5 orc priests
  A sleepcap (D:6)
  4 iguanas
  11 orc wizards
  5 gnolls
  6 adders
  3 shadow imps
  3 white imps
  5 ufetubi
  2 worms
  2 dart slugs (D:1)
  26 orcs
  8 endoplasms
  5 giant cockroaches
  6 goblins
  5 hobgoblins
  29 kobolds
  7 quokkas
  7 ball pythons
  8 bats
  4 frilled lizards
  A rat (D:1)
216 creatures vanquished.

Vanquished Creatures (others)
  2 orc wizards
  An orc (D:7)
  6 kobolds (D:7)
9 creatures vanquished.

Grand Total: 225 creatures vanquished

Notes
Turn   | Place    | Note
-------+----------+-------------------------------------------
     0 | D:1      | grandjackal the Draconian Gladiator began the quest for the
                  | Orb.
     0 | D:1      | Reached XP level 1. HP: 17/17 MP: 1/1
    89 | D:1      | Reached XP level 2. HP: 25/25 MP: 2/2
   514 | D:1      | Reached XP level 3. HP: 30/30 MP: 3/3
   947 | D:2      | Found a faded altar of an unknown god.
  1289 | D:2      | Reached XP level 4. HP: 35/38 MP: 4/4
  1752 | D:3      | Identified the +5 arbalest of Dithmenos's Fury {penet,
                  | Str+3}
  2006 | D:4      | Noticed Grinder
  2146 | D:4      | Noticed Sigmund
  2298 | D:3      | Reached XP level 5. HP: 35/46 MP: 5/5
  2407 | D:4      | Paralysed by Grinder for 4 turns
  2420 | D:4      | Paralysed by Grinder for 5 turns
  2433 | D:4      | Killed Grinder
  2434 | D:4      | Reached XP level 6. HP: 53/53 MP: 6/6
  2444 | D:4      | Noticed Dowan
  2447 | D:4      | Noticed Duvessa
  2454 | D:5      | Entered Level 5 of the Dungeon
  2761 | D:4      | Killed Sigmund
  2762 | D:4      | Reached skill level 5 in Fighting
  2762 | D:4      | Reached skill level 5 in Long Blades
  2762 | D:4      | Your scales start taking on a rich purple colour.
  2762 | D:4      | Reached XP level 7. HP: 45/61 MP: 7/7
  3259 | D:5      | Reached skill level 5 in Dodging
  3814 | D:5      | Identified the +5 dagger of Uncomfortable Rashes {freeze,
                  | rC+ Dex+3}
  4031 | D:6      | Noticed Pikel
  4041 | D:5      | Killed Pikel
  4042 | D:5      | Reached XP level 8. HP: 71/71 MP: 8/8
  4325 | D:6      | Found a staircase to the Ecumenical Temple.
  4449 | Temple   | Entered the Ecumenical Temple
  4463 | Temple   | Became a worshipper of Warmaster Okawaru
  4555 | D:6      | Noticed Maggie
  4573 | D:6      | Killed Maggie
  4574 | D:6      | Reached XP level 9. HP: 81/81 MP: 9/9
  4962 | D:7      | Found Beodeliotz's Armour Shop.
  5057 | D:7      | Reached * piety under Okawaru
  5127 | D:7      | Reached skill level 1 in Invocations
  5404 | D:7      | Found the +5 woodcutter's axe
  5553 | D:7      | Reached ** piety under Okawaru
  6176 | D:8      | Found Tilurol's Armour Emporium.
  6611 | D:8      | Found a bloodstained altar of Trog.
  6611 | D:8      | Found a shimmering altar of Xom.
  6623 | D:8      | Found a faded altar of an unknown god.
  6625 | D:8      | Found a hazy altar of Hepliaklqana.
  6626 | D:8      | Found a faded altar of an unknown god.
  6716 | D:9      | Reached XP level 10. HP: 91/91 MP: 12/12
  6836 | D:9      | Noticed a two-headed ogre
  6843 | D:9      | Killed a two-headed ogre
  6843 | D:9      | Reached *** piety under Okawaru
  7380 | D:10     | Entered Level 10 of the Dungeon
  7442 | D:10     | Reached skill level 5 in Invocations
  7535 | D:10     | Noticed a gargoyle
  7558 | D:10     | Killed a gargoyle
  7558 | D:10     | Reached **** piety under Okawaru
  7663 | D:10     | Noticed a death knight
  7664 | D:10     | Noticed a purple ugly thing
  7667 | D:10     | Noticed a cyclops
  7671 | D:10     | Killed a death knight
  7672 | D:10     | Reached skill level 10 in Fighting
  7692 | D:10     | Killed a purple ugly thing
  7697 | D:10     | Killed a cyclops
  7697 | D:10     | Reached ***** piety under Okawaru
  7805 | D:10     | Noticed an ogre mage
  7806 | D:10     | Noticed a deep elf pyromancer
  7807 | D:10     | Noticed a five-headed hydra
  7818 | D:10     | Killed a five-headed hydra
  7819 | D:10     | Reached XP level 11. HP: 101/101 MP: 15/15
  7821 | D:10     | Received a gift from Okawaru
  7830 | D:10     | Killed an ogre mage
  7831 | D:10     | Reached skill level 10 in Long Blades
  7839 | D:10     | Slain by a fire elemental

Illustrated notes

Levels and vault maps discovered:
D:1:      dpeg_arrival_another_circle, layout_rooms, minmay_door_square
D:2:      layout_basic, shapermc_ecumenical_altar_pompeii,
          chequers_serial_rivers_large_a, minmay_surrounded
D:3:      layout_rooms
D:4:      cheibrodos_greedy_goblins, layout_rooms, serial_demonic,
          serial_demonic_b, serial_demonic_b, serial_demonic_g,
          serial_demonic_g, serial_demonic_e, serial_demonic_f,
          serial_demonic_b, serial_demonic_b, eino_curves_03, uniq_grinder,
          uniq_duvessa, uniq_sigmund
D:5:      layout_loops_ring, minmay_misc_feat_four_crosses
D:6:      layout_rooms, minmay_temple_entry_fiery, uniq_pikel, uniq_maggie
D:7:      kennysheep_kobold_camp, layout_basic, serial_shops,
          nicolae_shop_gibbet_a_chance, columned_hall_lemuel
D:8:      layout_cave_pools, chequers_temple_overflow_minitemple, serial_shops,
          shop, corner_web_ring
D:9:      layout_loops_ring
D:10:     hangedman_cross_veins, layout_basic, general_overflow_altar,
          uniq_joseph
Temple:   mainiacjoe_temple_coin_purse

Skill      XL: |  1  2  3  4  5  6  7  8  9 10 11 |
---------------+----------------------------------+-----
Throwing       | 2 |  2.0
Dodging        | 3 4 6 7 9 |  9.1
Fighting       | 3 4 5 6 7 9 10 | 10.6
Long Blades    | 4 5 6 7 8 9 10 | 10.0
Invocations    | 3 6 |  6.7

Action                     |  1- 3 |  4- 6 |  7- 9 | 10-12 || total
---------------------------+-------+-------+-------+-------++-------
  Melee: Long sword        |   123 |   167 |    45 |       ||   335
         Tailslap          |     6 |    12 |    51 |    33 ||   102
         Punch             |       |     3 |       |       ||     3
         Dagger            |       |       |   266 |   170 ||   436
  Evoke: Wand              |       |       |       |     2 ||     2
    Use: Potion            |       |     2 |       |       ||     2
         Scroll            |       |       |    11 |     1 ||    12
   Stab: Sleeping          |     4 |     1 |     3 |       ||     8
         Paralysed         |       |       |       |     3 ||     3
 Armour: Skin              |    67 |   149 |   161 |    81 ||   458
  Dodge: Dodged            |   110 |   156 |   212 |   116 ||   594

Table legend: (Time is in decaauts)
 A = Elapsed time spent in this place.
 B = Non-inter-level travel time spent in this place.
 C = Inter-level travel time spent in this place.
 D = Time resting spent in this place.
 E = Time spent auto-exploring this place.
 F = Levels seen in this place.
 G = Mean time per level.
                   A        B        C        D        E       F      G
               +--------+--------+--------+--------+--------+-----+--------+
         Total |   8097 |   7702 |    395 |   2068 |   3992 |  11 |  736.1 |
       Dungeon |   8069 |   7688 |    381 |   2068 |   3992 |  10 |  806.9 |
        Temple |     27 |     14 |     13 |      0 |      0 |   1 |   27.0 |
               +--------+--------+--------+--------+--------+-----+--------+

Top non-repeatable levels by time:
     D:5: 1427 daAuts
     D:7: 987 daAuts
     D:6: 915 daAuts
     D:8: 868 daAuts
     D:2: 845 daAuts
     D:1: 746 daAuts
     D:3: 725 daAuts
     D:9: 653 daAuts
     D:4: 456 daAuts
    D:10: 443 daAuts
  Temple: 27 daAuts
